Map: [ESL] Ghost River

Players

Rodzyn

  • Race: Protoss Protoss
  • Spawn Location: 1:00

Nicoract - Winner!

  • Race: Terran Terran
  • Spawn Location: 11:00

Event: ESL SC2 Masters 2024 Spring (Regional)

VOD

Have the link to the VOD?

Description

Time

  • Played on: April 17, 2024, 1:33 p.m.
  • Length: 8:02

All games in this series

Show
View Real Time Build Order
Export as new Build Order

Rodzyn Protoss 

Build Orders: 1 Gate Expand, Blink Stalkers 

Get SALT Encoding   

  12  0:00  Probe  
  13  0:12  Probe  
  14  0:16  Pylon  
  14  0:24  Probe (Chrono Boost)  
  16  0:35  Gateway  
  16  0:36  Probe (Chrono Boost)  
  16  0:43  Probe (Chrono Boost)  
  16  0:45  Assimilator  
  17  0:50  Probe  
  18  1:03  Probe  
  20  1:22  Cybernetics Core  
  20  1:25  Zealot  
  21  1:34  Nexus  
  21  1:40  Pylon  
  21  1:45  Probe  
  22  1:56  Adept (Chrono Boost)  
  22  1:57  Assimilator, Probe  
  25  2:05  Warp Gate  
  25  2:09  Probe  
  26  2:19  Adept  
  26  2:21  Probe  
  29  2:33  Probe  
  28  2:43  Twilight Council  
  28  2:45  Probe  
  28  2:46  Probe  
  28  2:50  Stalker  
  32  2:57  Probe  
  33  2:58  Probe  
  34  3:10  Probe  
  34  3:11  Probe  
  36  3:19  Blink (Chrono Boost)  
  34  3:22  Probe  
  34  3:23  Probe  
  34  3:24  Gateway  
  34  3:26  Gateway  
  36  3:31  Shield Battery  
  36  3:34  Probe  
  37  3:37  Probe  
  38  3:44  Robotics Facility  
  38  3:46  Probe  
  38  3:55  Stalker  
  38  3:57  Probe  
  38  3:58  Probe  
  35  4:08  Shield Battery  
  35  4:09  Probe  
  33  4:10  Probe  
  32  4:20  Stalker  
  32  4:21  Probe  
  32  4:22  Probe  
  35  4:33  Stalker  
  35  4:35  Probe (Chrono Boost)  
  35  4:38  Probe (Chrono Boost)  
  38  4:42  Observer (Chrono Boost)  
  38  4:45  Probe (Chrono Boost)  
  40  4:46  Probe (Chrono Boost)  
  40  4:50  Observer, Probe (Chrono Boost)  
  42  4:54  Probe  
  42  4:57  Pylon  
  43  5:01  Probe  
  43  5:06  Probe  
  42  5:09  Warp Prism (Chrono Boost)  
  42  5:13  Probe  
  45  5:18  Probe  
  46  5:25  Probe  
  46  5:26  Stalker x2  
  51  5:30  Probe  
  51  5:31  Pylon  
  52  5:35  Observer  
  52  5:38  Probe  
  52  5:41  Pylon  
  52  5:42  Observer  
  54  5:49  Probe  
  55  5:50  Probe  
  55  5:53  Robotics Bay  
  56  6:01  Probe  
  56  6:02  Probe  
  57  6:05  Pylon  
  57  6:13  Probe  
  57  6:14  Probe  
  59  6:19  Nexus  
  59  6:22  Assimilator  
  59  6:23  Assimilator  
  59  6:25  Probe  
  60  6:26  Probe  
  60  6:36  Sentry  
  60  6:37  Probe, Colossus (Chrono Boost)  
  63  6:43  Probe  
  70  6:47  Pylon  
  70  6:50  Stalker x2  
  74  6:56  Pylon  
  74  6:57  Probe  
  75  7:02  Gateway  
  75  7:21  Zealot x2  
  75  7:22  Zealot  
  81  7:28  Pylon  
  81  7:29  Pylon  
  77  7:45  Zealot x3  
  79  7:51  Pylon  
Show
View Real Time Build Order
Export as new Build Order

Nicoract Terran - Winner!

Build Orders: Gas First Reaper Expand, Banshee Rush 

Get SALT Encoding   

  12  0:00  SCV  
  13  0:12  SCV  
  14  0:16  Supply Depot  
  14  0:24  SCV  
  14  0:27  Refinery  
  15  0:38  SCV  
  16  0:43  Barracks  
  16  0:50  SCV  
  17  1:02  SCV  
  18  1:14  SCV  
  19  1:30  Orbital Command, Reaper  
  20  1:42  Command Center  
  20  1:52  Factory  
  20  1:57  SCV  
  21  2:05  Barracks Reactor  
  21  2:08  Supply Depot  
  21  2:09  SCV  
  21  2:13  Refinery  
  22  2:21  SCV  
  23  2:33  SCV  
  24  2:45  Starport  
  24  2:46  Hellion x2  
  28  2:54  SCV  
  28  3:07  Orbital Command  
  28  3:08  Hellion x2  
  28  3:10  SCV  
  33  3:13  Barracks Tech Lab  
  33  3:22  SCV  
  35  3:34  SCV x2  
  35  3:36  Factory Tech Lab  
  35  3:37  Supply Depot  
  35  3:39  Banshee  
  39  3:43  Cloaking Field  
  39  3:48  Marine x2  
  39  3:51  SCV  
  39  3:52  SCV  
  41  4:03  SCV  
  41  4:05  SCV  
  41  4:06  Siege Tank, Marine x2  
  46  4:15  SCV  
  47  4:18  SCV  
  47  4:22  Supply Depot, Banshee  
  47  4:24  Marine x2  
  51  4:27  SCV  
  51  4:30  SCV  
  51  4:36  Barracks  
  51  4:38  Barracks  
  51  4:39  SCV  
  51  4:41  Marine  
  51  4:43  Siege Tank  
  51  4:44  Supply Depot  
  55  4:49  SCV  
  55  4:50  Refinery  
  55  4:51  SCV  
  57  4:55  Supply Depot  
  57  4:58  Engineering Bay  
  57  5:02  SCV  
  57  5:06  SCV  
  59  5:13  Marine x2  
  58  5:17  Starport Reactor  
  58  5:25  SCV  
  58  5:26  SCV, Factory Tech Lab  
  58  5:28  Terran Infantry Weapons Level 1, Bunker  
  60  5:34  Supply Depot, Bunker  
  60  5:36  Refinery, Marine  
  60  5:37  Marauder, Marine  
  60  5:38  SCV x2  
  60  5:40  Stimpack  
  66  5:44  Combat Shield  
  66  5:46  Marine  
  67  5:54  Marine  
  67  5:56  Siege Tank  
  71  5:59  Marine x2  
  73  6:06  Marauder  
  75  6:13  Supply Depot, Marine  
  75  6:14  Supply Depot  
  76  6:19  Marauder, Marine  
  76  6:20  Medivac x2  
  76  6:24  SCV x2  
  85  6:34  Marine  
  85  6:35  Siege Tank, Marauder  
  91  6:40  Supply Depot  
  91  6:41  Marine  
  91  6:42  Supply Depot  
  91  6:43  Marauder  
  94  6:52  Marine  
  95  6:56  Marine  
  95  6:58  Command Center  
  95  7:01  Medivac x2  
  98  7:03  Concussive Shells, Marine  
  101  7:11  Marine  
  101  7:12  Marauder  
  101  7:13  SCV x2  
  104  7:21  Marauder, Marine  
  105  7:23  Factory Reactor  
  105  7:31  SCV x2  
  105  7:32  Barracks  
  105  7:34  Barracks  
  105  7:35  Marauder, Marine  
  110  7:43  SCV  
  103  7:46  SCV  
Tags
 
Add a new tag
Caveats
  • Supply blocks, unpowered buildings, or Contaminate may cause inaccurate times.
  • Supply counts are checked every 10 seconds.